 Dungeon Crawl Stone Soup version 0.29.0-4-gdea44cf6ec (webtiles) character file.

Game seed: 15983265449009856789

78 qw the Chopper (level 4, -8/26 HPs)
             Began as a Tengu Warper on Aug 28, 2022.
             Mangled by a worm (11 damage)
             ... on level 3 of the Dungeon.
             The game lasted 00:00:15 (2931 turns).

qw the Chopper (Tengu Warper)                       Turns: 2931, Time: 00:00:16

Health: -8/26      AC:  3    Str: 14    XL:     4   Next: 36%
Magic:  8/8        EV: 10    Int: 13    God:
Gold:   225        SH:  7    Dex: 13    Spells: 7/7 levels left

rFire   . . .      SeeInvis .   Y - +0 hand axe
rCold   + . .      Faith    .   i - +0 kite shield
rNeg    . . .      Spirit   .   b - +0 leather armour
rPois   .          Reflect  .   (helmet restricted)
rElec   .          Harm     .   (no cloak)
rCorr   .          Rampage  .   (no gloves)
Will    .....                   (boots unavailable)
Stlth   +.........              (no amulet)
HPRegen 0.08/turn               k - ring of protection from cold
MPRegen 0.11/turn               (no ring)

@: no status effects
A: beak, talons 3
a: no special abilities


You were on level 3 of the Dungeon.
You visited 1 branch of the dungeon, and saw 3 of its levels.

You collected 225 gold pieces.


Innate Abilities, Weirdness & Mutations

You have a beak for a mouth.
You have claws for feet.


   Skills:
 - Level 2.0 Fighting
 - Level 4.4 Axes
 - Level 1.0 Throwing
 - Level 1.1 Armour
 - Level 2.1 Dodging
 + Level 1.6 Shields
 - Level 2.0 Spellcasting
 - Level 2.4 Translocations


You had 7 spell levels left.
You didn't know any spells.
Your spell library contained the following spells:

 Spells                   Type           Power      Damage    Failure   Level
 Blink                    Tloc           14%        N/A       52%         2
 Gell's Gravitas          Tloc           7%         N/A       77%         3
 Lesser Beckoning         Tloc           7%         N/A       77%         3
 Teleport Other           Tloc           7%         N/A       77%         3
 Manifold Assault         Tloc           7%         N/A       100%        5

Inventory:

Hand Weapons
 d - a +1 vampiric whip
 Y - a +0 hand axe (weapon)
Armour
 b - a +0 leather armour (worn)
 i - a +0 kite shield (worn)
Jewellery
 k - a ring of protection from cold (left hand)
Scrolls
 a - a scroll of identify
Potions
 c - a potion of degeneration {unknown}
 e - a potion of might {unknown}
 f - a potion of heal wounds {unknown}
 g - a potion of brilliance {unknown}
 h - a potion of haste {unknown}
 j - a potion of lignification {unknown}

Dungeon Overview and Level Annotations

Branches:
Dungeon (3/15)

Altars:
Qazlal


Message History

Found a stormy altar of Qazlal.
Enter note:
c - a fizzy inky potion
h - a puce potion You feel your willpower return.
Found an encrusted brass wand.
Found a stone staircase leading down.
A kobold comes into view. It is wielding a +0 short sword.
The kobold shouts!
A worm comes into view.
2915 ||| Stepping ~*~*~tactically~*~*~ (stealth).
You slash the kobold!
You kill the kobold!
You slash the worm!
The worm is heavily wounded.
The worm bites you.
You hit the worm. You claw the worm.
The worm is heavily wounded.
You barely miss the worm. You claw the worm, but do no damage.
The worm is heavily wounded.
You block the worm's attack.
You hit the worm. Your kick misses the worm.
The worm is heavily wounded.
The worm bites you!
You hit the worm. Your kick misses the worm.
The worm is heavily wounded.
The worm bites you.
You barely miss the worm. You claw the worm.
The worm is almost dead.
You hit the worm but do no damage.
The worm is almost dead.
You block the worm's attack.
You hit the worm but do no damage. Your kick misses the worm.
Your peck misses the worm.
The worm is severely wounded.
The worm bites you!
You hit the worm.
The worm is severely wounded.
The worm bites you!
You die...

. ..# #.#.# . #.#.#.
#.#.#. .... ..#######
##w......# #)@......##
######........>.
........./....##
##############.......#
#...<....# #.......#
#.#.####.# ##.......##
# #....#.#
##.........# ###.##.#
#..##.##...# #.....#
#...#.#....#


You could see a worm.

Vanquished Creatures
  A gnoll (D:1)
  5 bats
  8 endoplasms
  2 giant cockroaches (D:1)
  9 goblins
  4 hobgoblins
  6 jackals (D:1)
  4 quokkas
  4 ball pythons
  2 frilled lizards
  5 kobolds
  11 rats
61 creatures vanquished.

Vanquished Creatures (others)
  A fungus (D:1)
  A plant (D:1)
2 creatures vanquished.

Grand Total: 63 creatures vanquished

Notes
Turn   | Place    | Note
-------+----------+-------------------------------------------
     0 | D:1      | qw the Tengu Warper began the quest for the Orb.
     0 | D:1      | Reached XP level 1. HP: 12/12 MP: 4/4
     0 | D:1      | 0 ||| qw: Version: 0.1-a-89-g26bdef1
     0 | D:1      | 0 ||| qw: Game counter: 383
     0 | D:1      | 0 ||| qw: Always use a shield: true
     0 | D:1      | 0 ||| qw: God list: Okawaru
     0 | D:1      | 0 ||| qw: Allow faded altars: false
     0 | D:1      | 0 ||| qw: Do Orc after D:15 true
     0 | D:1      | 0 ||| qw: Do second Lair branch before Depths: true
     0 | D:1      | 0 ||| qw: Lair rune preference: random
     0 | D:1      | 0 ||| qw: Plans: Normal
     0 | D:1      | 0 ||| PLANNING D:1-11
   185 | D:1      | 185 ||| Stepping ~*~*~tactically~*~*~ (stealth).
   191 | D:1      | Reached skill level 3 in Axes
   191 | D:1      | Reached XP level 2. HP: 10/17 MP: 6/6
   694 | D:1      | Reached XP level 3. HP: 7/21 MP: 7/7
   955 | D:1      | 955 ||| Stepping ~*~*~tactically~*~*~ (stealth).
   966 | D:1      | Reached skill level 4 in Axes
   990 | D:1      | Found a faded altar of an unknown god.
  1055 | D:1      | 1055 ||| DROPPING +0 club.
  1833 | D:1      | 1833 ||| UPGRADING to +0 kite shield.
  1838 | D:1      | 1838 ||| READING 2 scrolls labelled CATEGR ECRONO.
  1839 | D:1      | 1839 ||| DROPPING scroll of blinking.
  1922 | D:2      | 1922 ||| DROPPING +0 mace.
  2102 | D:2      | Reached XP level 4. HP: 26/26 MP: 8/8
  2204 | D:2      | Reached skill level 1 in Shields
  2205 | D:2      | 2205 ||| FLEEEEING.
  2207 | D:2      | 2207 ||| FLEEEEING.
  2208 | D:2      | 2208 ||| FLEEEEING.
  2209 | D:2      | 2209 ||| FLEEEEING.
  2210 | D:2      | 2210 ||| FLEEEEING.
  2211 | D:2      | 2211 ||| FLEEEEING.
  2851 | D:2      | 2851 ||| DROPPING ring of wizardry.
  2852 | D:2      | 2852 ||| UPGRADING to ring of protection from cold.
  2853 | D:2      | 2853 ||| READING scroll labelled CUDA BE WOLAONT.
  2884 | D:3      | Found a stormy altar of Qazlal.
  2915 | D:3      | 2915 ||| Stepping ~*~*~tactically~*~*~ (stealth).
  2930 | D:3      | HP: 3/26 [worm (7)]
  2931 | D:3      | Mangled by a worm

Levels and vault maps discovered:
D:1:      dpeg_cavernosity, layout_basic, dreamdust_ecumenical_altar_grove,
          minmay_rat_gold_closets
D:2:      minmay_spotlight, layout_basic, chequers_serial_rivers_small_a
D:3:      layout_basic, mainiacjoe_overflow_small_starburst,
          nicolae_uskayaw_en_pointe, uniq_jessica

Skill      XL: |  1  2  3  4 |
---------------+-------------+-----
Axes           | 3 4 |  4.4
Shields        | 1 |  1.6
Fighting       | |  2.0
Throwing       | |  1.0
Armour         | |  1.1
Dodging        | |  2.1
Spellcasting   | |  2.0
Translocations | |  2.4

Action                   |  1- 3 |  4- 6 || total
-------------------------+-------+-------++-------
Melee: Hand axe          |    99 |    49 ||   148
       Peck              |    15 |     4 ||    19
       Kick              |    22 |    13 ||    35
Throw: Boomerang         |     7 |       ||     7
  Use: Scroll            |     1 |     1 ||     2
Armor: Leather armour    |    23 |     4 ||    27
Dodge: Dodged            |    52 |    10 ||    62
Block: Kite shield       |       |    16 ||    16

Table legend:
 A = Non-vault XP
 B = Vault XP
 C = Vault XP percentage of total XP
 D = Non-vault monster count
 E = Vault monster count
 F = Vault count percentage of total count
                 A         B        C        D         E       F
            +---------+---------+-------+---------+---------+-------
      Total |      92 |      20 |  17.9 |      47 |      14 |  23.0
            +---------+---------+-------+---------+---------+-------
        D:1 |      59 |      14 |  19.2 |      27 |      11 |  28.9
        D:2 |      32 |       6 |  15.8 |      19 |       3 |  13.6
        D:3 |       1 |       0 |   0.0 |       1 |       0 |   0.0
            +---------+---------+-------+---------+---------+-------
